 Dungeon Crawl Stone Soup version 0.25-a0-41-g6cf4ce5 (webtiles) character file.

Game seed: 14281169777835532454, levelgen mode: deterministic

198 Lianjan the Insei (level 5, -1/41 HPs)
             Began as a Gnoll Transmuter on Oct 22, 2019.
             Was a Follower of Qazlal.
             Killed by divine providence
             ... invoked by an orc priest
              (15 damage)
             ... on level 3 of the Dungeon.
             The game lasted 00:05:05 (2645 turns).

Lianjan the Insei (Gnoll Transmuter)                Turns: 2645, Time: 00:05:06

Health: -1/41      AC:  2    Str:  9    XL:     5   Next: 77%
Magic:  8/12       EV: 24    Int: 16    God:    Qazlal [*.....]
Gold:   167        SH:  1    Dex: 20    Spells: 4/14 levels left

rFire    . . .     SeeInvis .     - Unarmed
rCold    . . .     Gourm    .   (shield currently unavailable)
rNeg     . . .     Faith    .   (armour currently unavailable)
rPois    x         Spirit   .   (helmet currently unavailable)
rElec    .         Reflect  .   (cloak currently unavailable)
rCorr    .         Harm     .   (gloves currently unavailable)
MR       .....                  (boots currently unavailable)
Stlth    ++........             (no amulet)
HPRegen  0.13/turn              t - -4 ring of strength (curse)
MPRegen  0.13/turn              (no ring)

@: spider-form, slowed, very slow
A: tiny, distributed training, strong nose
a: End Transformation, Renounce Religion


You were on level 3 of the Dungeon.
You worshipped Qazlal.
Qazlal was aware of your devotion.
You were not hungry.
You were a venomous arachnid creature.
You visited 1 branch of the dungeon, and saw 3 of its levels.

You collected 167 gold pieces.

Inventory:

Missiles
 a - 42 arrows
 i - 7 poisoned darts
 m - 183 stones (quivered)
 q - 3 boomerangs
Armour
 b - a +0 robe (melded)
 e - a +0 helmet (melded)
 A - a +0 pair of gloves (melded)
Jewellery
 t - a cursed -4 ring of strength (left front leg)
 y - an uncursed amulet of the gourmand {unknown}
 z - an uncursed ring of fire {unknown}
Wands
 w - a wand of acid (11)
Scrolls
 k - a scroll of magic mapping {unknown}
 n - 2 scrolls of teleportation {unknown}
 o - a scroll of enchant weapon {unknown}
 p - a scroll of noise {unknown}
 r - a scroll of amnesia {unknown}
 s - a scroll of immolation {unknown}
 u - 3 scrolls of remove curse {unknown}
 x - a scroll of blinking {unknown}
 B - a scroll of fog {unknown}
Potions
 c - 2 potions of ambrosia
 f - 3 potions of lignification
 g - 2 potions of heal wounds
 h - a potion of berserk rage {unknown}
 l - a potion of might {unknown}
 v - a potion of flight {unknown}
Comestibles
 d - 3 rations
 j - 2 chunks of flesh


   Skills:
 + Level 3.0 Fighting
 + Level 1.6 Short Blades
 + Level 1.6 Long Blades
 + Level 1.6 Axes
 + Level 1.6 Maces & Flails
 + Level 1.6 Polearms
 + Level 1.6 Staves
 + Level 1.6 Slings
 + Level 1.6 Bows
 + Level 1.6 Crossbows
 + Level 1.6 Throwing
 + Level 1.6 Armour
 + Level 4.8 Dodging
 + Level 1.6 Stealth
 + Level 1.6 Shields
 + Level 6.7 Unarmed Combat
 + Level 5.2 Spellcasting
 + Level 1.2 Conjurations
 + Level 1.2 Hexes
 + Level 1.2 Charms
 + Level 1.2 Summonings
 + Level 1.2 Necromancy
 + Level 1.2 Translocations
 + Level 4.0 Transmutations
 + Level 1.2 Fire Magic
 + Level 1.2 Ice Magic
 + Level 1.2 Air Magic
 + Level 1.2 Earth Magic
 + Level 1.2 Poison Magic
 + Level 1.8 Invocations
 + Level 1.6 Evocations


You had 4 spell levels left.
You knew the following spells:

 Your Spells              Type           Power        Failure   Level  Hunger
a - Beastly Appendage     Tmut           ###...       11%         1    None
b - Sticks to Snakes      Tmut           ###.....     13%         2    #......
c - Spider Form           Tmut/Pois      ##........   34%         3    ###....
d - Ice Form              Ice/Tmut       ##......     67%         4    ####...

Your spell library contained the following spells:

 Spells                   Type           Power        Failure   Level  Hunger
 Blade Hands              Tmut           ###.......   82%         5    ######.


Dungeon Overview and Level Annotations

Branches:
Dungeon (3/15)

Altars:
Makhleb
Qazlal
Uskayaw
Vehumet


Innate Abilities, Weirdness & Mutations

Your experience applies equally to all skills.
((You have very sharp teeth.))
Your uncanny sense of smell can sniff out nearby items.


Message History

Your +0 helmet unmelds from your body.
Your +0 pair of gloves unmelds from your body.
Your +0 robe unmelds from your body.
The orc wizard hits you but does no damage.
The orc wizard casts a spell at you. The magic dart hits you.
The orc wizard casts a spell at you. The magic dart hits you.
The orc wizard casts a spell.
The orc wizard blinks!
Casting: Spider Form (safe; 16% risk of failure)
Confirm with . or Enter, or press ? or * to list all spells.
You turn into a venomous arachnid creature.
Your +0 helmet melds into your body.
Your +0 pair of gloves melds into your body.
Your +0 robe melds into your body.
The orc completely misses you.
The orc priest casts a cantrip, but nothing happens.
The orc priest invokes the aid of Beogh against you.
Beogh smites you!
You die...

#........#.#
#......÷.#.#
#..........#
#.......#..#
#.......#..#
##########.#
#># #.# #s#
#o# ∆ #.#
#o# #..o.#
.o.oo####
####


You could see an orc priest, an orc wizard and an orc.

Vanquished Creatures
  An orc wizard (D:3)
  Natasha (thrice) (D:2)
  2 adders (D:2)
  An ooze (D:1)
  2 worms (D:3)
  2 dart slugs (D:2)
  4 leopard geckos
  4 orcs (D:3)
  A giant cockroach (D:1)
  5 goblins
  6 hobgoblins
  3 jackals (D:3)
  A quokka (D:2)
  2 ball pythons (D:3)
  5 bats
  12 frilled lizards
  5 kobolds
  7 rats
66 creatures vanquished.

Notes
Turn   | Place    | Note
-------+----------+-------------------------------------------
     0 | D:1      | Lianjan the Gnoll Transmuter began the quest for the Orb.
     0 | D:1      | Reached XP level 1. HP: 17/17 MP: 6/6
   102 | D:1      | Reached XP level 2. HP: 23/23 MP: 5/7
   552 | D:1      | Reached XP level 3. HP: 28/28 MP: 9/9
   757 | D:1      | Learned a level 2 spell: Sticks to Snakes
   761 | D:1      | Learned a level 3 spell: Spider Form
   816 | D:2      | Reached skill level 5 in Spellcasting
   896 | D:2      | Reached skill level 1 in Invocations
  1024 | D:2      | Noticed a +4 hand axe
  1024 | D:2      | Noticed a -3 dagger
  1031 | D:2      | Found a hide-covered altar of Uskayaw.
  1057 | D:2      | Reached skill level 1 in Short Blades
  1057 | D:2      | Reached skill level 1 in Long Blades
  1057 | D:2      | Reached skill level 1 in Axes
  1057 | D:2      | Reached skill level 1 in Maces & Flails
  1057 | D:2      | Reached skill level 1 in Polearms
  1057 | D:2      | Reached skill level 1 in Staves
  1057 | D:2      | Reached skill level 1 in Slings
  1057 | D:2      | Reached skill level 1 in Bows
  1057 | D:2      | Reached skill level 1 in Crossbows
  1057 | D:2      | Reached skill level 1 in Throwing
  1057 | D:2      | Reached skill level 1 in Armour
  1057 | D:2      | Reached skill level 1 in Stealth
  1057 | D:2      | Reached skill level 1 in Shields
  1057 | D:2      | Reached skill level 1 in Evocations
  1254 | D:2      | Reached XP level 4. HP: 34/34 MP: 11/11
  1255 | D:2      | Found a radiant altar of Vehumet.
  1262 | D:2      | Noticed Natasha
  1277 | D:2      | Killed Natasha
  1369 | D:2      | Noticed Natasha
  1383 | D:2      | Killed Natasha
  1383 | D:2      | Reached skill level 1 in Conjurations
  1383 | D:2      | Reached skill level 1 in Hexes
  1383 | D:2      | Reached skill level 1 in Charms
  1383 | D:2      | Reached skill level 1 in Summonings
  1383 | D:2      | Reached skill level 1 in Necromancy
  1383 | D:2      | Reached skill level 1 in Translocations
  1383 | D:2      | Reached skill level 1 in Fire Magic
  1383 | D:2      | Reached skill level 1 in Ice Magic
  1383 | D:2      | Reached skill level 1 in Air Magic
  1383 | D:2      | Reached skill level 1 in Earth Magic
  1383 | D:2      | Reached skill level 1 in Poison Magic
  1621 | D:2      | Noticed Natasha
  1628 | D:2      | Killed Natasha
  1628 | D:2      | Reached XP level 5. HP: 40/40 MP: 8/12
  1840 | D:2      | Found a burning altar of Makhleb.
  1840 | D:2      | Noticed a green death
  1843 | D:2      | Noticed a ynoxinul
  1843 | D:2      | Noticed a ynoxinul
  2123 | D:3      | Found a stormy altar of Qazlal.
  2205 | D:3      | Became a worshipper of Qazlal Stormbringer
  2285 | D:3      | Learned a level 4 spell: Ice Form
  2537 | D:3      | Reached * piety under Qazlal
  2645 | D:3      | Killed from afar by an orc priest

Levels and vault maps discovered:
D:1:      ebering_trefoil_3fold, layout_basic, minmay_lizard_king
D:2:      layout_basic, dancing_weapons_uskayaw, vehumet_crystals,
          minmay_misc_feat_ornament, makhleb_altar_promises_db, uniq_natasha
D:3:      layout_basic, nrook_mini_vaults, grunt_qazlal_clouds

Skill      XL: |  1  2  3  4  5 |
---------------+----------------+-----
Spellcasting   | 5 |  5.2
Invocations    | 1 |  1.8
Short Blades   | 1 |  1.6
Long Blades    | 1 |  1.6
Axes           | 1 |  1.6
Maces & Flails | 1 |  1.6
Polearms       | 1 |  1.6
Staves         | 1 |  1.6
Slings         | 1 |  1.6
Bows           | 1 |  1.6
Crossbows      | 1 |  1.6
Throwing       | 1 |  1.6
Armour         | 1 |  1.6
Stealth        | 1 |  1.6
Shields        | 1 |  1.6
Evocations     | 1 |  1.6
Conjurations   | 1 |  1.2
Hexes          | 1 |  1.2
Charms         | 1 |  1.2
Summonings     | 1 |  1.2
Necromancy     | 1 |  1.2
Translocations | 1 |  1.2
Fire Magic     | 1 |  1.2
Ice Magic      | 1 |  1.2
Air Magic      | 1 |  1.2
Earth Magic    | 1 |  1.2
Poison Magic   | 1 |  1.2
Fighting       | 3 |  3.0
Transmutations | 4 |  4.0
Dodging        | |  4.8
Unarmed Combat | |  6.7

Action                   |  1- 3 |  4- 6 || total
-------------------------+-------+-------++-------
Melee: Unarmed           |    77 |    93 ||   170
       Kick              |     9 |       ||     9
       Bite              |     5 |     3 ||     8
       Punch             |       |     1 ||     1
 Cast: Beastly Appendage |     6 |     1 ||     7
       Spider Form       |     6 |    15 ||    21
       Sticks to Snakes  |       |     2 ||     2
  Use: Scroll            |     3 |       ||     3
 Stab: Sleeping          |       |     1 ||     1
  Eat: Chunk             |     1 |     6 ||     7
Armor: Robe              |     8 |     3 ||    11
       Skin              |     3 |     1 ||     4
Dodge: Dodged            |    53 |    79 ||   132
Block: Other             |       |     1 ||     1

Table legend:
 A = Non-vault XP
 B = Vault XP
 C = Vault XP percentage of total XP
 D = Non-vault monster count
 E = Vault monster count
 F = Vault count percentage of total count
                 A         B        C        D         E       F
            +---------+---------+-------+---------+---------+-------
      Total |     239 |      45 |  15.8 |      57 |       9 |  13.6
            +---------+---------+-------+---------+---------+-------
        D:1 |      25 |      10 |  28.6 |      13 |       8 |  38.1
        D:2 |     124 |      35 |  22.0 |      18 |       1 |   5.3
        D:3 |      90 |       0 |   0.0 |      26 |       0 |   0.0
            +---------+---------+-------+---------+---------+-------
